 Dungeon Crawl Stone Soup version 0.30-a0-575-g6f4a10e2d2 (webtiles) character file.

Game seed: 13978426143459890930

0 M4edhros the Charlatan (level 1, -1/13 HPs)
             Began as an Octopode Artificer on Dec 30, 2022.
             Slain by a quokka (5 damage)
             ... on level 1 of the Dungeon.
             The game lasted 00:00:07 (48 turns).

M4edhros the Charlatan (Octopode Artificer)           Turns: 48, Time: 00:00:08

Health: -1/13      AC:  1    Str: 11    XL:     1   Next: 10%
Magic:  1/1        EV: 13    Int: 13    God:
Gold:   0          SH:  0    Dex: 12    Spells: 0/0 levels left

rFire   + . .      SeeInvis .    (no weapon)
rCold   x . .      Faith    .    (no shield)
rNeg    . . .      Spirit   .    (helmet restricted)
rPois   .          Reflect  .    (no amulet)
rElec   .          Harm     .    e - ring of fire
rCorr   .          Rampage  .    (no ring)
Will    .....                    (no ring)
Stlth   +++                      (no ring)
HPRegen 0.22/turn                (no ring)
MPRegen 0.07/turn                (no ring)
                                 (no ring)
                                 (no ring)

@: no status effects
A: almost no armour, amphibious, 8 rings, camouflage 1, gelatinous body 1,
(nimble swimmer 1), tentacles
a: no special abilities


You were on level 1 of the Dungeon.
You visited 1 branch of the dungeon, and saw 1 of its levels.

Inventory:

Jewellery
 e - a ring of fire (left tentacle)
Wands
 b - a wand of flame (15) (quivered)
 c - a wand of charming (15)
 d - a wand of iceblast (5)
Scrolls
 a - a scroll of enchant armour {unknown}


   Skills:
 + Level 1.0 Fighting
 + Level 2.3 Dodging
 + Level 1.3 Stealth
 * Level 0.1 Unarmed Combat
 + Level 3.2 Evocations


You couldn't memorise any spells.
You didn't know any spells.
Your spell library was empty.

Dungeon Overview and Level Annotations

Branches:
Dungeon (1/15)

Altars:


Innate Abilities, Weirdness & Mutations

You cannot wear most types of armour.
You are amphibious.
You can wear up to eight rings at the same time.
Your skin changes colour to match your surroundings (Stealth+).
Your rubbery body absorbs attacks. (AC +1, EV +1)
((You are camouflaged when in or above water. (Stealth+)))
You have tentacles for arms and can constrict up to eight enemies at once.


Message History

You completely miss the bat. Your grab misses the bat.
The bat is severely wounded.
The bat hits you.
You closely miss the bat. Your grab misses the bat.
Your squeeze misses the bat.
The bat is severely wounded.
The bat barely misses you.
You barely miss the bat. Your grab misses the bat.
The bat is severely wounded.
The bat hits you but does no damage.
A bat is nearby!
The bat hits you but does no damage. The bat hits you.
A bat is nearby!
A quokka comes into view.
The bat hits you but does no damage.
There are monsters nearby!
You completely miss the bat. You grab the bat.
The bat is severely wounded.
You constrict the bat.
You kill the bat!
There are monsters nearby!
There are monsters nearby!
There are monsters nearby!
The hobgoblin shouts!
You tentacle-slap the hobgoblin but do no damage.
You grab the hobgoblin. You tentacle-slap the hobgoblin.
The hobgoblin is lightly wounded.
You constrict the hobgoblin, but do no damage.
The hobgoblin hits you but does no damage.
You tentacle-slap the hobgoblin but do no damage.
The hobgoblin is lightly wounded.
You constrict the hobgoblin. The hobgoblin misses you.
You barely miss the hobgoblin. Your squeeze misses the hobgoblin.
The hobgoblin is moderately wounded.
You constrict the hobgoblin. The quokka closely misses you.
The hobgoblin hits you.
You barely miss the hobgoblin. You squeeze the hobgoblin.
You kill the hobgoblin!
The quokka bites you. x2
You die...

......##.......#
.#..........##..##.####
.............# .......+
#............# #......#
#............# #......#
........>...## #......#
............####......#
................r....##
#..)...........@.......
####.........##########
###.......# ###.....#
##....# #....# #....#
#....# #....#


You could see a quokka.

Vanquished Creatures
  A hobgoblin (D:1)
  A bat (D:1)
2 creatures vanquished.

Notes
Turn   | Place    | Note
-------+----------+-------------------------------------------
     0 | D:1      | M4edhros the Octopode Artificer began the quest for the
                  | Orb.
     0 | D:1      | Reached XP level 1. HP: 13/13 MP: 1/1
    48 | D:1      | Slain by a quokka

Illustrated notes

Levels and vault maps discovered:
D:1:      ncdulo_wetmaze, layout_rooms, chequers_serial_rivers_room_a,
          minmay_statues_item, st_stairs_9

Action                   || total
-------------------------++-------
Melee: Unarmed           ||    10
       Constrict         ||     3
       Punch             ||     1
       Tentacles         ||     1
Armor: Skin              ||     6
Dodge: Dodged            ||     5

Table legend: (Time is in decaauts)
 A = Elapsed time spent in this place.
 B = Non-inter-level travel time spent in this place.
 C = Inter-level travel time spent in this place.
 D = Time resting spent in this place.
 E = Time spent auto-exploring this place.
 F = Levels seen in this place.
 G = Mean time per level.
                   A        B        C        D        E       F      G
               +--------+--------+--------+--------+--------+-----+--------+
         Total |     47 |     47 |      0 |      0 |     22 |   1 |   47.0 |
       Dungeon |     47 |     47 |      0 |      0 |     22 |   1 |   47.0 |
               +--------+--------+--------+--------+--------+-----+--------+

Top non-repeatable levels by time:
     D:1: 47 daAuts
